 Dungeon Crawl Stone Soup version 0.30-a0-719-gcc4359ea44 (webtiles) character file.

Game seed: 8571349195735835390

4846 Dittersdorf the Blocker (level 10, -4/66 HPs)
             Began as a Gargoyle Fighter on Jan 26, 2023.
             Was a Follower of Okawaru.
             Slain by a human
             ... wielding a +1 heavy hand axe
              (12 damage)
             ... in a bailey.
             The game lasted 00:12:45 (7671 turns).

Dittersdorf the Blocker (Gargoyle Fighter)          Turns: 7671, Time: 00:12:46

Health: -4/66      AC: 23    Str: 24    XL:     10   Next: 49%
Magic:  10/10      EV:  8    Int:  9    God:    Okawaru [*.....]
Gold:   358        SH:  5    Dex:  9    Spells: 9/9 levels left

rFire   + . .      SeeInvis .    a - +1 flail (flame)
rCold   . . .      Faith    .    c - +0 buckler
rNeg    + . .      Spirit   .    n - +0 chain mail
rPois   ∞          Reflect  .    o - +1 helmet
rElec   +          Harm     .    r - +0 cloak
rCorr   .          Rampage  .    (no gloves)
Will    .....                    v - +0 pair of boots Stlth
                                 (no amulet)
HPRegen 0.31/turn                g - ring of protection from fire
MPRegen 0.12/turn                (no ring)

@: no status effects
A: sickness immunity, AC +7, negative energy resistance 1, electricity
resistance, torment resistance 1, petrification resistance
a: Renounce Religion, Heroism


You were in a bailey.
You worshipped Okawaru.
Okawaru was aware of your devotion.
You visited 2 branches of the dungeon, and saw 9 of its levels.
You also visited: Bailey.

You collected 358 gold pieces.

Inventory:

Hand Weapons
 a - a +1 flail of flaming (weapon)
Missiles
 y - 3 poisoned darts (quivered)
Armour
 c - a +0 buckler (worn)
 i - a +0 plate armour
 n - a +0 chain mail (worn)
 o - a +1 helmet (worn)
 r - a +0 cloak (worn)
 v - a +0 pair of boots (worn)
Jewellery
 g - a ring of protection from fire (left hand)
Wands
 w - a wand of flame (19)
 x - a wand of roots (4)
Scrolls
 e - a scroll of poison
 h - 2 scrolls of teleportation
 s - a scroll of fear
 t - 2 scrolls of blinking
 u - a scroll of fog
Potions
 b - 2 potions of resistance
 d - a potion of haste
 j - 3 potions of magic
 k - a potion of mutation
 l - 6 potions of heal wounds
 m - 2 potions of curing {unknown}
 p - a potion of invisibility {unknown}
 q - a potion of cancellation {unknown}
Miscellaneous
 f - a piece from Xom's chessboard (15/15)


   Skills:
 + Level 9.0 Fighting
 + Level 7.8 Maces & Flails
 + Level 9.0 Armour
 + Level 9.0 Shields


You had 9 spell levels left.
You didn't know any spells.
Your spell library contained the following spells:

 Spells                   Type           Power      Damage    Failure   Level
 Kiss of Death            Conj/Necr      0%         2d5       95%         1
 Static Discharge         Conj/Air       0%         2-2/arc   99%         2
 Ignite Poison            Fire/Tmut/Pois 0%         N/A       100%        3
 Vhi's Electric Charge    Tloc/Air       0%         N/A       100%        3
 Arcjolt                  Conj/Air       0%         1d10      100%        5
 Lightning Bolt           Conj/Air       0%         1d11      100%        5
 Cigotuvi's Dreadful Rot  Necr/Pois/Air  Unusable   N/A       N/A         2
 Animate Dead             Necr           Unusable   N/A       N/A         4
 Infestation              Necr           Unusable   N/A       N/A         8

Dungeon Overview and Level Annotations

Branches:
Dungeon (8/15)             Temple (1/1) D:7          Bailey (1/1)
   Lair: D:8-11

Altars:
Ashenzari
Cheibriados
Dithmenos
Fedhas
Gozag
Hepliaklqana
Kikubaaqudgha
Nemelex Xobeh
Okawaru
Ru
Sif Muna
Trog
Vehumet
Wu Jian
Xom
Yredelemnul
Zin
The Shining One

Shops:
D:1 :?[[*


Innate Abilities, Weirdness & Mutations

You are immune to sickness and miasma.
Your stone body is resilient. (AC +7)
You are immune to poison.
You resist negative energy. (rN+)
You are resistant to electric shocks. (rElec)
You are resistant to unholy torment.
You are immune to petrification.


Message History

The human hits you but does no damage.
You completely miss the human.
The human is severely wounded.
The human hits you with a +1 heavy hand axe!
* * * LOW HITPOINT WARNING * * *
The human hits you but does no damage.
You barely miss the human.
The human is severely wounded.
The human hits you but does no damage.
You sock the human! You burn the human.
You kill the human!
Okawaru accepts your kill.
Your Fighting skill increases to level 9!
Your Armour skill increases to level 9!
Your Shields skill increases to level 9!
You hit the orc. You burn the orc.
The orc is almost dead.
The human closely misses you. The orc hits you but does no damage.
You closely miss the orc.
The orc is almost dead.
The orc hits you but does no damage.
The human hits you with a +1 heavy hand axe.
* * * LOW HITPOINT WARNING * * *
You thump the orc! You burn the orc.
You kill the orc!
Okawaru accepts your kill.
You hit the human. You burn the human.
The human is lightly wounded.
The human hits you but does no damage. You block the human's attack.
You hit the human but do no damage.
The human is lightly wounded.
The human hits you but does no damage.
The human hits you with a +1 heavy hand axe!
* * * LOW HITPOINT WARNING * * *
You barely miss the human.
The human is lightly wounded.
The human hits you with a +0 heavy hand axe.
* * * LOW HITPOINT WARNING * * *
The human hits you with a +1 heavy hand axe!
You die...

#### ##~~~
#~~~~ +~~~~
#####
#~~~~##...##
#~~~@p.∩..#
######p)...#
#....)..∩..#
#.....)##...##
#...... #####
######. ##


You could see 2 humans.

Vanquished Creatures
  Pikel (D:8)
  Joseph (D:6)
  Grinder (D:6)
  5 humans (Bailey)
  2 steam dragons
  A water moccasin (D:7)
  Duvessa (D:7)
  3 orc warriors
  A black bear (D:5)
  An ice beast (D:5)
  2 sky beasts (D:7)
  2 ogres
  2 phantoms
  A bullfrog (D:7)
  5 necrophages
  4 scorpions
  4 wights
  Dowan (D:7)
  6 killer bees (D:8)
  3 hounds
  2 jellies
  3 orc priests
  Jessica (D:2)
  7 iguanas
  3 orc wizards
  2 gnolls
  7 adders
  2 shadow imps
  A white imp (D:8)
  An ufetubus (D:7)
  2 dart slugs
  19 orcs
  6 endoplasms
  10 goblins
  8 hobgoblins
  3 jackals (D:3)
  3 quokkas
  7 ball pythons
  5 bats
  3 frilled lizards
  5 kobolds
  2 rats (D:1)
149 creatures vanquished.

Notes
Turn   | Place    | Note
-------+----------+-------------------------------------------
     0 | D:1      | Dittersdorf the Gargoyle Fighter began the quest for the
                  | Orb.
     0 | D:1      | Reached XP level 1. HP: 14/14 MP: 1/1
   111 | D:1      | Reached XP level 2. HP: 15/19 MP: 2/2
   213 | D:1      | Found Fupav's Armour Shoppe.
   261 | D:1      | Found Keilechi's General Store.
   284 | D:1      | Found Buoceso's Antique Armour Shoppe.
   486 | D:1      | Found Birhoipn's Book Emporium.
   554 | D:1      | Reached XP level 3. HP: 15/23 MP: 3/3
   738 | D:1      | Found Qeihenep's Magic Scroll Shoppe.
   948 | D:2      | Found a faded altar of an unknown god.
  1173 | D:2      | Noticed Jessica
  1177 | D:2      | Killed Jessica
  1178 | D:2      | Reached XP level 4. HP: 25/29 MP: 4/4
  2378 | D:4      | Found a shimmering altar of Xom.
  2646 | D:4      | Noticed a scorpion
  2648 | D:4      | Reached XP level 5. HP: 32/33 MP: 5/5
  2736 | D:4      | Reached XP level 6. HP: 36/39 MP: 6/6
  2833 | D:4      | Reached skill level 5 in Fighting
  3407 | D:5      | Entered Level 5 of the Dungeon
  3452 | D:5      | Reached skill level 5 in Armour
  3452 | D:5      | Reached skill level 5 in Shields
  3512 | D:5      | Reached XP level 7. HP: 28/44 MP: 7/7
  3839 | D:5      | Found a glowing golden altar of the Shining One.
  4070 | D:5      | Got Gloorx Vloq's Cyclopedia of Sinister Acts and the
                  | Coward
  4539 | D:6      | Reached XP level 8. HP: 34/51 MP: 8/8
  4697 | D:6      | Reached skill level 5 in Maces & Flails
  4759 | D:6      | Identified the +5 flail of Teask {vamp, rC+ Str-5 Dex+3}
  4801 | D:6      | Noticed Grinder
  4823 | D:6      | Killed Grinder
  5247 | D:6      | Found a glowing silver altar of Zin.
  5310 | D:6      | Reached XP level 9. HP: 55/56 MP: 9/9
  5331 | D:6      | Found a broken altar of Ashenzari.
  5335 | D:6      | Saw a vision of the Shoals and the Snake Pit.
  5335 | D:6      | Noticed a merfolk siren
  5335 | D:6      | Noticed a mana viper
  5335 | D:6      | Noticed a salamander
  5335 | D:6      | Noticed a wind drake
  5335 | D:6      | Noticed an anaconda
  5335 | D:6      | Noticed a naga ritualist
  5335 | D:6      | Noticed a manticore
  5335 | D:6      | Noticed a merfolk
  5335 | D:6      | Noticed a manticore
  5335 | D:6      | Noticed an anaconda
  5335 | D:6      | Noticed a shock serpent
  5335 | D:6      | Noticed a merfolk siren
  5336 | D:6      | Noticed a harpy
  5597 | D:7      | Noticed Joseph
  5597 | D:7      | Noticed Duvessa
  5663 | D:6      | Killed Joseph
  5974 | D:7      | Noticed Dowan
  5980 | D:7      | Killed Duvessa
  5996 | D:7      | Killed Dowan
  6391 | D:7      | Found a staircase to the Ecumenical Temple.
  6398 | Temple   | Entered the Ecumenical Temple
  6542 | Temple   | Became a worshipper of Warmaster Okawaru
  7427 | D:8      | Found a sacrificial altar of Ru.
  7438 | D:8      | Reached XP level 10. HP: 63/64 MP: 10/10
  7539 | D:8      | Reached * piety under Okawaru
  7543 | D:8      | Found a flagged portal.
  7543 | D:8      | Noticed Pikel
  7567 | D:8      | Killed Pikel
  7596 | Bailey   | Entered a bailey
  7671 | Bailey   | Slain by a human

Illustrated notes

Levels and vault maps discovered:
D:1:      matt_arrival_grand_opening, layout_basic, serial_shops, shop, shop,
          shop, nicolae_diamond_shop, shop
D:2:      layout_loops_ring, shapermc_ecumenical_altar_totnotflames,
          kennysheep_generic_room_15, uniq_jessica
D:3:      layout_basic
D:4:      layout_basic, xom_butterflies, serial_co_window_serial,
          co_window_corner_a, co_window_paths_b, co_window_paths_a,
          co_window_paths_b, co_window_corner_a, co_window_of_opportunity_b,
          co_window_corner_b, co_window_2corner, co_window_paths_c,
          co_window_corner_ca, glass_columns_c, glass_columns_c
D:5:      layout_loops_ring, general_overflow_altar, kennysheep_minor_cross
D:6:      layout_cave_pools, grunt_ashenzari_visionary
          [grunt_ashenzari_visionary_shoals, grunt_ashenzari_visionary_snake],
          zin_academy, uniq_grinder
D:7:      layout_basic, minmay_temple_entry_junction_2, uniq_duvessa,
          uniq_joseph
D:8:      layout_loops_ring, eat_drink_and_be_merry_uskayaw,
          nicolae_ru_great_annihilating_truth, enter_bailey_5,
          minmay_misc_feat_doors, kennysheep_nondescript, uniq_pikel
Temple:   dshaligram_water_room_temple
Bailey:   bailey_axe_froggy_fort_hellmonk, bailey

Skill      XL: |  1  2  3  4  5  6  7  8  9 10 |
---------------+-------------------------------+-----
Fighting       | 4 5 6 8 9 |  9.0
Shields        | 4 5 6 8 9 |  9.0
Armour         | 4 5 6 8 9 |  9.0
Maces & Flails | 3 4 5 7 |  7.8

Action                     |  1- 3 |  4- 6 |  7- 9 | 10-12 || total
---------------------------+-------+-------+-------+-------++-------
  Melee: Flail             |   107 |   114 |   343 |   117 ||   681
  Throw: Dart              |       |       |       |     1 ||     1
 Invoke: Heroism           |       |       |       |     3 ||     3
    Use: Scroll            |       |    11 |     8 |       ||    19
         Potion            |       |       |     2 |     1 ||     3
 Armour: Scale mail        |    61 |       |       |       ||    61
         Chain mail        |       |    74 |   301 |    68 ||   443
  Dodge: Dodged            |    41 |    33 |   148 |    47 ||   269
  Block: Buckler           |    30 |    20 |   103 |    28 ||   181

Table legend: (Time is in decaauts)
 A = Elapsed time spent in this place.
 B = Non-inter-level travel time spent in this place.
 C = Inter-level travel time spent in this place.
 D = Time resting spent in this place.
 E = Time spent auto-exploring this place.
 F = Levels seen in this place.
 G = Mean time per level.
                   A        B        C        D        E       F      G
               +--------+--------+--------+--------+--------+-----+--------+
         Total |   7794 |   7494 |    300 |    901 |   4987 |  10 |  779.4 |
       Dungeon |   7362 |   7108 |    254 |    748 |   4887 |   8 |  920.2 |
        Temple |    363 |    317 |     46 |    153 |    100 |   1 |  363.0 |
        Bailey |     68 |     68 |      0 |      0 |      0 |   1 |   68.0 |
               +--------+--------+--------+--------+--------+-----+--------+

Top non-repeatable levels by time:
     D:7: 1388 daAuts
     D:4: 1282 daAuts
     D:5: 1072 daAuts
     D:6: 1042 daAuts
     D:1: 919 daAuts
     D:3: 734 daAuts
     D:2: 680 daAuts
  Temple: 363 daAuts
     D:8: 244 daAuts
  Bailey: 68 daAuts
